[ AOE2 MATCH · #504994507 ]
UnrankedItalians vs Teutons
Player's team · WIN
Rival team · LOSS
[ REPLAY ANALYSIS · EXTRACTED FROM THE RECORDED GAME ]
Feudal
8:50
Castle
20:06
Imperial
37:35
| APM avg | 58.4 |
| APM peak | 118 |
| eAPM avg | 33.2 |
| Villagers / military | 178 / 183 |
Focus
⚔️ 45.4% · 🌾 54.6%
Genoese Crossbowman ×94 · Scout Cavalry ×43 · Monk ×21 · Skirmisher ×8 · Militia ×6 · Bombard Cannon ×4
Feudal
8:50
Castle
22:09
Imperial
39:49
| APM avg | 112.1 |
| APM peak | 213 |
| eAPM avg | 62.4 |
| Villagers / military | 201 / 176 |
Focus
⚔️ 70.8% · 🌾 29.2%
Knight ×153 · Skirmisher ×12 · Monk ×6 · Scout Cavalry ×3 · Spearman ×1 · Battering Ram ×1
Match map
Initial resources + every placement click. Lines = walls · curves = elevation contours. ◆ gold · ⬟ stone · ● berries · ✦ relic · ◌ wall gap
Your base· ✓ Closed at 20:06 · 62t walls · 1 gate(s)
DolunaK's base· ✓ Closed at 22:09 · 36t walls · 2 gate(s)
Smoothed initial terrain · ◌ = detected wall gap · hover for details
Inputs per minute
— _Tomate - - DolunaK
Build order — _Tomate
First 150 of 618 actions detected
| 0:00 | Create | Villager (Male) |
| 0:00 | Create | Villager (Male) |
| 0:01 | Create | Villager (Male) |
| 0:02 | Build | House |
| 0:02 | Build | House |
| 0:32 | Create | Villager (Male) |
| 0:32 | Create | Villager (Male) |
| 1:16 | Create | Villager (Male) |
| 1:16 | Create | Villager (Male) |
| 1:50 | Create | Villager (Male) |
| 1:50 | Create | Villager (Male) |
| 1:57 | Build | Lumber Camp |
| 2:12 | Create | Villager (Male) |
| 2:32 | Create | Villager (Male) |
| 2:32 | Create | Villager (Male) |
| 3:03 | Create | Villager (Male) |
| 3:03 | Create | Villager (Male) |
| 3:31 | Build | House |
| 3:36 | Create | Villager (Male) |
| 4:01 | Create | Villager (Male) |
| 4:02 | Create | Villager (Male) |
| 4:07 | Create | Villager (Male) |
| 4:08 | Create | Villager (Male) |
| 4:20 | Create | Villager (Male) |
| 4:20 | Create | Villager (Male) |
| 5:00 | Create | Villager (Male) |
| 5:01 | Create | Villager (Male) |
| 5:01 | Create | Villager (Male) |
| 5:01 | Create | Villager (Male) |
| 5:19 | Build | Barracks |
| 5:42 | Build | House |
| 6:00 | Research | Loom |
| 6:25 | Research | Feudal Age |
| 6:25 | Research | Feudal Age |
| 6:29 | Create | Militia |
| 6:29 | Create | Militia |
| 6:41 | Create | Militia |
| 7:08 | Create | Militia |
| 7:18 | Build | Mill |
| 7:55 | Build | House |
| 8:05 | Create | Villager (Male) |
| 8:50 | Age | Feudal Age |
| 8:54 | Research | Man-at-Arms (upgrade) |
| 8:54 | Research | Man-at-Arms (upgrade) |
| 8:55 | Create | Villager (Male) |
| 9:28 | Create | Villager (Male) |
| 9:31 | Build | House |
| 9:38 | Build | Archery Range |
| 9:41 | Build | Farm |
| 10:08 | Create | Villager (Male) |
| 10:20 | Build | Palisade Wall |
| 10:21 | Create | Skirmisher |
| 10:26 | Create | Villager (Male) |
| 10:31 | Build | Farm |
| 10:33 | Build | Farm |
| 10:50 | Create | Villager (Male) |
| 10:52 | Build | Farm |
| 10:59 | Research | Double-Bit Axe |
| 11:00 | Research | Double-Bit Axe |
| 11:09 | Create | Villager (Male) |
| 11:26 | Create | Skirmisher |
| 11:42 | Create | Skirmisher |
| 11:43 | Create | Villager (Male) |
| 11:44 | Create | Villager (Male) |
| 11:59 | Build | Farm |
| 12:12 | Create | Skirmisher |
| 12:20 | Create | Spearman |
| 12:27 | Build | House |
| 12:31 | Create | Villager (Male) |
| 12:53 | Build | House |
| 12:57 | Create | Villager (Male) |
| 13:06 | Build | Farm |
| 13:09 | Build | Palisade Wall |
| 13:11 | Build | Palisade Wall |
| 13:18 | Create | Villager (Male) |
| 13:21 | Build | Farm |
| 13:27 | Create | Spearman |
| 13:35 | Build | House |
| 13:40 | Create | Villager (Male) |
| 13:47 | Create | Skirmisher |
| 13:54 | Build | Farm |
| 14:03 | Build | Palisade Wall |
| 14:10 | Build | Palisade Wall |
| 14:14 | Build | Palisade Wall |
| 14:16 | Create | Villager (Male) |
| 14:21 | Create | Skirmisher |
| 14:32 | Build | Farm |
| 14:36 | Build | Farm |
| 14:39 | Build | Farm |
| 14:49 | Build | Palisade Wall |
| 14:51 | Create | Villager (Male) |
| 14:52 | Create | Villager (Male) |
| 14:55 | Build | Palisade Wall |
| 15:16 | Build | Blacksmith |
| 15:34 | Build | Palisade Wall |
| 15:36 | Build | Palisade Wall |
| 15:41 | Build | Palisade Wall |
| 15:42 | Create | Villager (Male) |
| 15:43 | Build | Farm |
| 16:00 | Build | Palisade Gate |
| 16:06 | Build | Mining Camp |
| 16:07 | Create | Villager (Male) |
| 16:25 | Create | Villager (Male) |
| 16:37 | Build | Farm |
| 16:41 | Build | Farm |
| 16:42 | Create | Villager (Male) |
| 17:00 | Create | Villager (Male) |
| 17:03 | Create | Skirmisher |
| 17:19 | Create | Skirmisher |
| 17:25 | Research | Castle Age |
| 17:25 | Research | Castle Age |
| 17:57 | Build | Palisade Wall |
| 18:00 | Research | Horse Collar |
| 18:00 | Research | Gold Mining |
| 18:11 | Build | Farm |
| 18:17 | Build | Lumber Camp |
| 19:01 | Build | Stable |
| 19:03 | Research | Scale Barding Armor |
| 19:39 | Build | Farm |
| 19:41 | Build | Farm |
| 19:43 | Create | Scout Cavalry |
| 20:06 | Age | Castle Age |
| 20:10 | Create | Knight |
| 20:20 | Create | Villager (Male) |
| 20:39 | Build | Town Center |
| 20:41 | Build | House |
| 20:45 | Create | Villager (Male) |
| 21:02 | Create | Knight |
| 21:07 | Create | Villager (Male) |
| 21:20 | Build | Monastery |
| 21:26 | Create | Knight |
| 21:30 | Create | Villager (Male) |
| 21:45 | Build | House |
| 21:46 | Create | Villager (Male) |
| 22:01 | Create | Monk |
| 22:01 | Create | Monk |
| 22:04 | Create | Villager (Male) |
| 22:05 | Create | Villager (Male) |
| 22:20 | Build | Monastery |
| 22:24 | Create | Villager (Male) |
| 22:28 | Research | Husbandry |
| 22:36 | Build | Farm |
| 22:39 | Build | Farm |
| 22:41 | Create | Villager (Male) |
| 22:41 | Create | Villager (Male) |
| 22:48 | Build | House |
| 22:53 | Create | Villager (Male) |
| 22:59 | Build | House |
| 23:01 | Build | House |
| 23:12 | Create | Villager (Male) |
Build order — DolunaK
First 150 of 624 actions detected
| 0:00 | Create | Villager (Male) |
| 0:00 | Create | Villager (Male) |
| 0:01 | Create | Villager (Male) |
| 0:01 | Build | House |
| 0:02 | Build | House |
| 0:05 | Create | Villager (Male) |
| 0:06 | Create | Villager (Male) |
| 1:22 | Create | Villager (Male) |
| 1:22 | Create | Villager (Male) |
| 1:58 | Build | Lumber Camp |
| 2:01 | Create | Villager (Male) |
| 2:01 | Create | Villager (Male) |
| 2:16 | Create | Villager (Male) |
| 2:16 | Create | Villager (Male) |
| 2:48 | Create | Villager (Male) |
| 2:48 | Create | Villager (Male) |
| 3:12 | Create | Villager (Male) |
| 3:13 | Create | Villager (Male) |
| 3:35 | Create | Villager (Male) |
| 3:35 | Create | Villager (Male) |
| 3:51 | Build | House |
| 3:52 | Build | House |
| 4:06 | Create | Villager (Male) |
| 4:06 | Create | Villager (Male) |
| 4:06 | Create | Villager (Male) |
| 4:09 | Create | Villager (Male) |
| 4:09 | Create | Villager (Male) |
| 4:27 | Build | Palisade Wall |
| 4:28 | Build | Palisade Wall |
| 4:29 | Build | Palisade Wall |
| 4:44 | Create | Villager (Male) |
| 4:44 | Create | Villager (Male) |
| 4:49 | Create | Villager (Male) |
| 4:49 | Create | Villager (Male) |
| 5:23 | Build | Mill |
| 5:27 | Create | Villager (Male) |
| 5:31 | Build | Palisade Wall |
| 5:41 | Research | Loom |
| 5:57 | Build | Palisade Wall |
| 6:40 | Research | Feudal Age |
| 6:41 | Research | Feudal Age |
| 7:34 | Build | Lumber Camp |
| 7:35 | Create | Villager (Male) |
| 8:09 | Create | Villager (Male) |
| 8:14 | Build | Palisade Wall |
| 8:15 | Build | Palisade Wall |
| 8:23 | Build | Palisade Wall |
| 8:24 | Build | Palisade Wall |
| 8:26 | Build | Palisade Wall |
| 8:29 | Build | Palisade Wall |
| 8:34 | Build | House |
| 8:35 | Build | House |
| 8:46 | Build | Palisade Gate |
| 8:50 | Age | Feudal Age |
| 8:59 | Build | Palisade Wall |
| 9:06 | Build | Palisade Wall |
| 9:08 | Build | Palisade Wall |
| 9:10 | Build | Palisade Wall |
| 9:12 | Build | Palisade Wall |
| 9:18 | Build | Palisade Wall |
| 9:18 | Build | Palisade Wall |
| 9:28 | Create | Villager (Male) |
| 9:30 | Build | Palisade Wall |
| 9:32 | Build | Palisade Wall |
| 9:33 | Build | Palisade Wall |
| 9:36 | Build | Barracks |
| 9:40 | Build | Palisade Wall |
| 9:46 | Build | Palisade Wall |
| 9:47 | Build | Palisade Wall |
| 9:51 | Build | Palisade Wall |
| 10:30 | Create | Villager (Male) |
| 10:38 | Create | Villager (Male) |
| 10:38 | Create | Villager (Male) |
| 10:44 | Create | Villager (Male) |
| 10:54 | Build | Palisade Wall |
| 11:00 | Create | Villager (Male) |
| 11:30 | Create | Villager (Male) |
| 11:32 | Build | Archery Range |
| 11:59 | Research | Double-Bit Axe |
| 12:00 | Create | Villager (Male) |
| 12:28 | Create | Skirmisher |
| 12:35 | Create | Villager (Male) |
| 12:40 | Build | Farm |
| 12:49 | Create | Spearman |
| 12:56 | Create | Skirmisher |
| 13:11 | Research | Horse Collar |
| 13:11 | Research | Horse Collar |
| 13:12 | Create | Villager (Male) |
| 13:18 | Build | House |
| 13:21 | Create | Skirmisher |
| 13:27 | Create | Villager (Male) |
| 13:37 | Build | Farm |
| 13:44 | Create | Skirmisher |
| 13:49 | Create | Villager (Male) |
| 13:51 | Build | House |
| 13:57 | Create | Villager (Male) |
| 13:59 | Build | Farm |
| 14:02 | Build | Farm |
| 14:05 | Build | Farm |
| 14:15 | Build | Farm |
| 14:27 | Create | Skirmisher |
| 14:30 | Create | Villager (Male) |
| 14:31 | Build | Farm |
| 14:33 | Build | Farm |
| 14:41 | Build | Farm |
| 14:52 | Create | Villager (Male) |
| 14:55 | Build | Farm |
| 14:56 | Create | Skirmisher |
| 15:03 | Build | House |
| 15:04 | Build | House |
| 15:10 | Create | Skirmisher |
| 15:38 | Create | Skirmisher |
| 15:40 | Create | Villager (Male) |
| 15:56 | Build | Blacksmith |
| 16:06 | Create | Villager (Male) |
| 16:07 | Build | Farm |
| 16:13 | Create | Skirmisher |
| 16:29 | Build | Farm |
| 16:33 | Research | Fletching |
| 16:34 | Research | Fletching |
| 16:40 | Create | Skirmisher |
| 17:16 | Create | Skirmisher |
| 17:29 | Create | Skirmisher |
| 17:29 | Create | Villager (Male) |
| 17:29 | Create | Villager (Male) |
| 18:00 | Create | Villager (Male) |
| 18:01 | Build | Mining Camp |
| 18:06 | Build | Farm |
| 18:09 | Build | Market |
| 18:17 | Build | Farm |
| 18:19 | Build | Farm |
| 18:23 | Build | Farm |
| 18:41 | Create | Villager (Male) |
| 18:54 | Build | Farm |
| 19:29 | Research | Castle Age |
| 19:39 | Build | Stable |
| 20:51 | Create | Villager (Male) |
| 20:53 | Build | Stable |
| 20:56 | Research | Bloodlines |
| 20:56 | Research | Bloodlines |
| 20:57 | Research | Forging |
| 21:01 | Research | Gold Mining |
| 21:01 | Research | Gold Mining |
| 21:02 | Research | Gold Mining |
| 21:06 | Build | Farm |
| 21:08 | Build | Farm |
| 21:11 | Build | Palisade Gate |
| 21:12 | Build | House |
| 21:19 | Build | Palisade Wall |
| 21:26 | Build | Palisade Wall |
Match timeline
| 4:27 | DolunaK · wall_segment Palisade Wall x1 |
| 4:28 | DolunaK · wall_segment Palisade Wall x1 |
| 4:29 | DolunaK · wall_segment Palisade Wall x1 |
| 5:19 | _Tomate · first_building Barracks |
| 5:31 | DolunaK · wall_segment Palisade Wall x4 |
| 5:57 | DolunaK · wall_segment Palisade Wall x1 |
| 8:14 | DolunaK · wall_segment Palisade Wall x1 |
| 8:15 | DolunaK · wall_segment Palisade Wall x1 |
| 8:23 | DolunaK · wall_segment Palisade Wall x1 |
| 8:24 | DolunaK · wall_segment Palisade Wall x1 |
| 8:26 | DolunaK · wall_segment Palisade Wall x1 |
| 8:29 | DolunaK · wall_segment Palisade Wall x1 |
| 8:50 | _Tomate · age_up feudal |
| 8:50 | DolunaK · age_up feudal |
| 8:59 | DolunaK · wall_segment Palisade Wall x1 |
| 9:06 | DolunaK · wall_segment Palisade Wall x1 |
| 9:08 | DolunaK · wall_segment Palisade Wall x1 |
| 9:10 | DolunaK · wall_segment Palisade Wall x1 |
| 9:12 | DolunaK · wall_segment Palisade Wall x1 |
| 9:18 | DolunaK · wall_segment Palisade Wall x1 |
| 9:18 | DolunaK · wall_segment Palisade Wall x1 |
| 9:30 | DolunaK · wall_segment Palisade Wall x1 |
| 9:32 | DolunaK · wall_segment Palisade Wall x1 |
| 9:33 | DolunaK · wall_segment Palisade Wall x1 |
| 9:36 | DolunaK · first_building Barracks |
| 9:38 | _Tomate · first_building Archery Range |
| 9:40 | DolunaK · wall_segment Palisade Wall x1 |
| 9:46 | DolunaK · wall_segment Palisade Wall x1 |
| 9:47 | DolunaK · wall_segment Palisade Wall x1 |
| 9:51 | DolunaK · wall_segment Palisade Wall x1 |
| 10:20 | _Tomate · wall_segment Palisade Wall x1 |
| 10:54 | DolunaK · wall_segment Palisade Wall x4 |
| 11:32 | DolunaK · first_building Archery Range |
| 13:09 | _Tomate · wall_segment Palisade Wall x4 |
| 13:11 | _Tomate · wall_segment Palisade Wall x5 |
| 14:03 | _Tomate · wall_segment Palisade Wall x10 |
| 14:10 | _Tomate · wall_segment Palisade Wall x5 |
| 14:14 | _Tomate · wall_segment Palisade Wall x12 |
| 14:49 | _Tomate · wall_segment Palisade Wall x4 |
| 14:55 | _Tomate · wall_segment Palisade Wall x1 |
| 15:34 | _Tomate · wall_segment Palisade Wall x5 |
| 15:36 | _Tomate · wall_segment Palisade Wall x6 |
| 15:41 | _Tomate · wall_segment Palisade Wall x11 |
| 17:57 | _Tomate · wall_segment Palisade Wall x5 |
| 19:01 | _Tomate · first_building Stable |
| 19:39 | DolunaK · first_building Stable |
| 20:06 | _Tomate · age_up castle |
| 21:19 | DolunaK · wall_segment Palisade Wall x5 |
| 21:20 | _Tomate · first_building Monastery |
| 21:26 | DolunaK · wall_segment Palisade Wall x6 |
| 21:33 | DolunaK · wall_segment Palisade Wall x2 |
| 22:09 | DolunaK · age_up castle |
| 22:14 | DolunaK · first_building Monastery |
| 30:06 | DolunaK · first_market_sell 100 wood |
| 32:01 | _Tomate · wall_segment Palisade Wall x1 |
| 32:10 | DolunaK · first_market_buy 100 stone |
| 32:32 | _Tomate · wall_segment Stone Wall x1 |
| 32:56 | _Tomate · first_building Castle |
| 32:59 | _Tomate · wall_segment Palisade Wall x2 |
| 33:26 | _Tomate · first_market_sell 100 food |
| 37:35 | _Tomate · age_up imperial |
| 39:20 | _Tomate · first_market_buy 100 stone |
| 39:48 | _Tomate · first_building Siege Workshop |
| 39:49 | DolunaK · age_up imperial |
| 46:54 | DolunaK · first_building Siege Workshop |
| 48:43 | DolunaK · resign |
[ AI ANALYSIS · 1 CREDIT ]
What really happened in this match?
Wolo.gg analyzes every decision: build order, eco, micro, common mistakes by bracket. Personalized analysis on WhatsApp or Discord in 30 seconds.
Civ guide
Italians
Perfil
Jugador #77944